Map: Lightshade LE

Players

A.I. 2 (Medium) - Winner!

  • Race: Protoss Protoss
  • Spawn Location: 5:00

ViBE

  • Race: Terran Terran
  • League: Grandmaster
  • Spawn Location: 11:00

VOD

Have the link to the VOD?

Description

Time

  • Played on: Jan. 9, 2021, 5:18 p.m.
  • Length: 12:06
Show
View Real Time Build Order
Export as new Build Order

A.I. 2 (Medium) Protoss - Winner!

Build Orders:  

Get SALT Encoding   

  12  0:00  Probe  
  13  0:13  Probe  
  14  0:19  Pylon  
  14  0:25  Probe  
  15  0:33  Probe  
  15  0:41  Probe  
  16  0:47  Assimilator  
  17  0:50  Gateway  
  17  0:51  Probe  
  18  1:00  Pylon  
  18  1:27  Gateway  
  18  1:32  Assimilator  
  18  1:42  Cybernetics Core  
  18  1:43  Zealot  
  20  2:02  Pylon  
  20  2:12  Warp Gate  
  20  2:13  Zealot  
  22  2:34  Adept  
  24  2:49  Pylon  
  24  2:50  Adept  
  26  3:07  Adept  
  26  3:09  Probe  
  29  3:21  Probe  
  29  3:23  Stalker  
  29  3:26  Pylon  
  32  3:33  Probe  
  33  3:40  Adept  
  35  3:42  Forge  
  35  3:45  Probe  
  36  3:57  Probe  
  36  4:00  Adept  
  39  4:07  Probe  
  40  4:15  Probe  
  39  4:17  Adept  
  42  4:33  Adept  
  44  5:33  Adept  
  38  5:41  Stalker  
  28  5:45  Probe  
  28  5:48  Stalker  
  28  6:03  Stalker  
  30  6:20  Adept  
  30  6:25  Probe  
  33  6:26  Photon Cannon  
  33  6:27  Photon Cannon  
  33  6:29  Pylon  
  33  6:33  Nexus, Adept  
  35  6:46  Zealot  
  37  6:57  Robotics Facility  
  37  6:59  Zealot  
  31  7:12  Stalker  
  33  7:17  Stargate  
  33  7:25  Stalker  
  33  7:29  Twilight Council  
  35  7:32  Gateway  
  35  7:37  Stalker  
  35  7:44  Observer, Forge  
  37  7:45  Probe  
  37  7:48  Probe  
  37  7:50  Sentry  
  42  7:57  Probe  
  43  8:00  Probe  
  43  8:03  Stalker  
  46  8:06  Observer  
  46  8:07  Pylon  
  46  8:09  Probe  
  46  8:12  Probe  
  49  8:16  Stalker  
  51  8:21  Probe  
  51  8:24  Probe  
  53  8:28  Pylon  
  53  8:29  Stalker  
  53  8:33  Probe  
  56  8:36  Probe  
  57  8:42  Adept  
  57  8:45  Probe  
  60  8:48  Photon Cannon, Probe  
  60  8:50  Photon Cannon  
  61  8:58  Probe  
  61  9:00  Probe  
  63  9:10  Probe  
  63  9:12  Probe  
  65  9:41  Assimilator  
  65  9:47  Assimilator  
  65  9:59  Probe  
  65  10:06  Probe  
  67  10:07  Probe  
  68  10:15  Probe  
  68  10:18  Probe  
  70  10:46  Immortal  
  74  10:58  Gateway  
  74  11:02  Robotics Bay  
  74  11:04  Zealot  
  74  11:09  Pylon  
  76  11:14  Templar Archives  
  76  11:17  Dark Shrine  
  74  11:19  Fleet Beacon  
  74  11:22  Robotics Facility  
  74  11:23  Warp Prism, Sentry  
  57  11:26  Stargate  
  57  11:33  Zealot  
  59  11:42  Zealot  
  61  11:51  Stalker  
  59  11:57  Nexus  
Show
View Real Time Build Order
Export as new Build Order

ViBE Terran 

Build Orders: Reaper Expand 

Get SALT Encoding   

  12  0:00  SCV  
  13  0:12  SCV  
  14  0:17  Supply Depot  
  14  0:24  SCV  
  15  0:39  SCV  
  15  0:40  Barracks  
  16  0:45  Refinery  
  16  0:51  SCV  
  17  1:03  SCV  
  18  1:15  SCV  
  19  1:27  Orbital Command  
  19  1:30  Reaper  
  20  1:38  Command Center  
  20  1:55  SCV  
  20  1:58  Supply Depot  
  21  2:02  Barracks Reactor  
  21  2:09  SCV  
  21  2:10  Barracks  
  22  2:19  Barracks  
  22  2:23  SCV  
  22  2:26  Engineering Bay  
  23  2:35  SCV  
  24  2:39  Marine x2  
  26  2:48  SCV  
  26  2:49  Orbital Command  
  27  2:53  Bunker  
  27  3:00  Terran Infantry Weapons Level 1, SCV  
  27  3:03  Barracks Tech Lab  
  28  3:05  Marine  
  28  3:10  Barracks Tech Lab  
  28  3:12  SCV  
  30  3:15  Marine  
  30  3:18  SCV  
  32  3:24  SCV  
  32  3:25  Stimpack  
  32  3:26  Marine  
  34  3:30  Marauder  
  36  3:36  Supply Depot  
  36  3:38  Supply Depot  
  36  3:42  Marauder  
  36  3:46  Marine x2  
  40  3:52  SCV x2  
  40  3:55  Marauder  
  44  4:03  Supply Depot  
  44  4:04  Marauder  
  44  4:05  Marine x2  
  44  4:09  SCV x2  
  50  4:15  Concussive Shells  
  50  4:21  SCV  
  50  4:22  SCV  
  52  4:24  Marine x2  
  52  4:25  Marauder, Marine  
  52  4:26  Supply Depot  
  57  4:34  SCV x2  
  57  4:36  Supply Depot  
  59  4:44  Marauder, Marine x2  
  63  4:46  SCV x2  
  63  4:47  Marauder  
  67  4:58  SCV x2  
  69  5:00  Command Center  
  69  5:07  Refinery  
  69  5:09  Refinery  
  69  5:10  SCV x2, Marauder, Refinery  
  69  5:12  Marauder  
  75  5:15  Marine x2  
  77  5:22  SCV x2  
  79  5:32  Marauder  
  79  5:33  Marine x2  
  79  5:34  SCV x2, Marauder  
  78  5:47  Factory  
  77  5:56  Marauder x2, Marine x2  
  83  5:58  Combat Shield  
  83  5:59  SCV x2  
  85  6:13  Marine x2  
  85  6:15  Orbital Command, Supply Depot  
  85  6:16  Supply Depot  
  85  6:17  Marauder x2  
  91  6:21  Terran Infantry Armor Level 1  
  91  6:31  Factory Reactor, Marine x2, Starport  
  93  6:38  SCV x2  
  93  6:39  Orbital Command, Marauder x2  
  99  6:50  SCV x2  
  99  6:51  Engineering Bay  
  99  6:53  Armory  
  101  6:55  Marine x2  
  101  7:00  Marauder x2  
  107  7:02  SCV  
  107  7:03  SCV  
  107  7:07  SCV  
  109  7:14  SCV  
  109  7:15  SCV, Command Center  
  111  7:17  Medivac x2, Marine  
  111  7:18  Marine  
  117  7:22  Supply Depot  
  117  7:23  Supply Depot  
  117  7:29  Supply Depot  
  117  7:32  Marauder  
  117  7:33  Marauder, Supply Depot  
  117  7:35  Marine x2  
  123  7:41  Barracks  
  123  7:42  Barracks, SCV x2  
  125  7:44  SCV  
  125  7:50  Medivac x2  
  130  7:54  SCV  
  130  7:55  SCV, Refinery  
  130  7:56  SCV, Refinery, Terran Infantry Weapons Level 2  
  133  8:03  Ghost Academy  
  135  8:05  Marauder, Marine  
  135  8:06  Marine  
  135  8:07  SCV x2  
  135  8:08  SCV, Marauder  
  142  8:19  SCV x2  
  144  8:20  SCV  
  145  8:28  Command Center  
  145  8:29  Barracks Reactor  
  145  8:30  Barracks Tech Lab  
  145  8:31  SCV x2  
  145  8:32  Barracks, SCV  
  145  8:33  Barracks  
  150  8:34  Marauder x2  
  150  8:35  Marine x2  
  154  8:43  SCV x2  
  154  8:44  Terran Infantry Armor Level 2  
  154  8:45  SCV  
  154  8:46  Enhanced Shockwaves  
  157  8:50  Medivac x2  
  157  8:54  Marine  
  157  8:55  SCV x2, Marine  
  165  8:57  SCV  
  172  9:16  Supply Depot  
  172  9:18  Supply Depot x2  
  172  9:21  Supply Depot  
  172  9:22  Barracks  
  172  9:24  Barracks Reactor, Barracks Tech Lab, Barracks, Unknown  
  172  9:26  Unknown  
  172  9:29  Starport  
  172  9:31  Unknown  
  172  9:38  SCV x2, Marine x4  
  180  9:39  SCV, Planetary Fortress  
  180  9:40  Marauder  
  185  9:46  Command Center  
  185  9:50  SCV x2  
  185  9:52  Marine  
  187  9:54  Medivac x2  
  192  10:03  Barracks  
  192  10:05  Barracks  
  192  10:06  Unknown  
  192  10:08  Marauder x2, Marine x4, Unknown  
  200  10:15  Planetary Fortress  
  200  10:35  Barracks Reactor, Barracks Tech Lab  
  200  10:40  Barracks, Command Center  
  198  11:48  Command Center  
  198  11:50  Command Center  
  198  11:51  Command Center  
  198  11:53  Command Center  
  196  11:54  Command Center  
  196  11:58  Command Center  
Tags
 
Matchup
PvT
Player
ViBE
Spawn Locations
Cross Positions
Add a new tag
Caveats
  • Supply blocks, unpowered buildings, or Contaminate may cause inaccurate times.
  • Supply counts are checked every 10 seconds.